 Dungeon Crawl Stone Soup version 0.30.2 (webtiles) character file.

Game seed: 17541278309451900011

375 porpoise the Chopper (level 6, -10/46 (56) HPs)
             Began as a Hill Orc Fighter on Mar 21, 2024.
             Mangled by a wight
             ... wielding a +4 scimitar
              (19 damage)
             ... on level 3 of the Dungeon.
             The game lasted 00:11:56 (3256 turns).

porpoise the Chopper (Hill Orc Fighter)             Turns: 3256, Time: 00:11:57

HP:   -10/46 (56)   AC:  8    Str: 21    XL:     6   Next: 72%
MP:   6/6           EV:  9    Int:  8    God:
Gold: 126           SH:  5    Dex: 10    Spells: 5/5 levels left

rFire   . . .        a - +0 war axe (flame)
rCold   . . .        c - +1 buckler
rNeg    . . .        b - +0 scale mail
rPois   .            (no helmet)
rElec   .            (no cloak)
rCorr   .            g - +0 pair of gloves
SInv    .            (no boots)
Will    .....        (no amulet) Stlth
                     (no ring)
HPRegen 0.27/turn    (no ring)
MPRegen 0.10/turn

%: no passive effects
@: mighty, heavily drained
A: no striking features
a: no special abilities


You were on level 3 of the Dungeon.
You visited 1 branch of the dungeon, and saw 4 of its levels.

You collected 126 gold pieces.

Inventory:

Hand Weapons
 a - a +0 war axe of flaming (weapon)
Missiles
 m - 5 poisoned darts (quivered)
Armour
 b - a +0 scale mail (worn)
 c - a +1 buckler (worn)
 g - a +0 pair of gloves (worn)
Jewellery
 l - an amulet of guardian spirit
Scrolls
 h - a scroll of immolation
 j - a scroll of poison
 p - a scroll of vulnerability {unknown}
 q - a scroll of teleportation {unknown}
 r - a scroll of butterflies {unknown}
Potions
 e - a potion of ambrosia
 i - a potion of resistance
 k - 2 potions of mutation
 n - a potion of degeneration {unknown}
 o - 2 potions of brilliance
 s - 2 potions of attraction {unknown}


   Skills:
 + Level 5.2 Fighting
 * Level 5.6 Axes
 + Level 4.6 Armour
 + Level 4.7 Shields


You had 5 spell levels left.
You didn't know any spells.
Your spell library contained the following spells:

 Spells                   Type           Power      Damage    Failure   Level
 Magic Dart               Conj           0%         1d3       80%         1
 Call Imp                 Summ           0%         N/A       91%         2
 Ensorcelled Hibernation  Hex/Ice        0%         N/A       91%         2
 Passwall                 Tmut/Erth      0%         N/A       91%         2
 Dazzling Flash           Conj/Hex       0%         N/A       99%         3
 Mephitic Cloud           Conj/Pois/Air  0%         N/A       99%         3
 Swiftness                Air            0%         N/A       99%         3
 Volatile Blastmotes      Fire/Tloc      0%         2d10      99%         3
 Iskenderun's Mystic Bla  Conj/Tloc      0%         2d3       100%        4
 Starburst                Conj/Fire      0%         6d3       100%        6


Dungeon Overview and Level Annotations

Branches:
Dungeon (4/15)
 Temple: D:4-7

Altars:
Yredelemnul

Annotations:
D:3 1 runed translucent door


Message History

You are too injured to fight recklessly!
You are too injured to fight recklessly!
Unknown command.
You feel very mighty all of a sudden. You block the wight's attack.
The wight hits you but does no damage. The wight barely misses you.
You are too injured to fight recklessly!
You barely miss the wight. You hit the wight. You burn the wight.
You hit the wight. You burn the wight. The wight hits you with a +4 hand axe.
The wight hits you with a +4 scimitar!
* * * LOW HITPOINT WARNING * * *
You feel drained.
* * * LOW HITPOINT WARNING * * *
You block the wight's attack.
You feel much better. You block the wight's attack.
The wight closely misses you. The wight barely misses you.
You barely miss the wight. You slash the wight! You burn the wight.
You hit the wight. You burn the wight. The wight hits you with a +4 hand axe.
You feel drained. You block the wight's attack.
The wight hits you with a +0 dagger!
* * * LOW HITPOINT WARNING * * *
You feel drained.
* * * LOW HITPOINT WARNING * * *
You feel much better. The wight hits you with a +4 scimitar.
You feel drained. The wight closely misses you. The wight barely misses you.
You barely miss the wight.
The wight is almost destroyed.
You hit the wight. You burn the wight.
You destroy the wight!
You closely miss the wight. The wight barely misses you.
You block the wight's attack. x2; The wight barely misses you.
The wight hits you with a +2 dire flail!
* * * LOW HITPOINT WARNING * * *
You feel drained.
* * * LOW HITPOINT WARNING * * *
You slash the wight! You burn the wight.
You destroy the wight!
You hit the wight. You burn the wight. You slash the wight! You burn the wight.
The wight hits you with a +4 scimitar!!
You die...

#.......####.# #<######....#
#..........#.# #.#..........
#....###...#.# #...#####....
##...#p#...#.# #.### #....
#...#+#...#)# #.# #....
#.........#.# #.# #....
#..#####..#.####.# #....
####...####)z....#######....
#.##._.# #@z...............
#.# #######.########.#
######.# #.#### #.# .......#
### ###....# #.# #.####.#
##'#### #......# #.# #.# #.#
#.....## #......# #..
#.####.# #......# #......#
#.. #......# #......#
#......# ###.. #...#..#
#......# #.....## #....


You could see 2 wights.

Vanquished Creatures
  3 wights (D:3)
  2 jellies (D:2)
  An orc wizard (D:3)
  4 adders
  4 gnolls (D:3)
  A worm (D:3)
  8 orcs (D:3)
  17 endoplasms
  3 giant cockroaches
  5 goblins
  5 hobgoblins
  5 jackals (D:1)
  14 kobolds
  2 quokkas
  2 ball pythons
  5 bats
  8 frilled lizards
  A jackal zombie (D:3)
  16 rats
106 creatures vanquished.

Notes
Turn   | Place    | Note
-------+----------+-------------------------------------------
     0 | D:1      | porpoise the Hill Orc Fighter began the quest for the Orb.
     0 | D:1      | Reached XP level 1. HP: 19/19 MP: 1/1
   151 | D:1      | Reached XP level 2. HP: 26/27 MP: 2/2
   697 | D:2      | Reached XP level 3. HP: 33/33 MP: 3/3
  1135 | D:2      | Reached XP level 4. HP: 30/40 MP: 4/4
  1292 | D:2      | Reached XP level 5. HP: 25/47 MP: 5/5
  2194 | D:3      | Reached skill level 5 in Axes
  2194 | D:3      | Reached XP level 6. HP: 47/55 MP: 6/6
  2208 | D:3      | Reached skill level 5 in Fighting
  2209 | D:3      | Found a runed translucent door.
  2209 | D:3      | Noticed a human
  2435 | D:3      | Found a basalt altar of Yredelemnul.
  2613 | D:3      | Found a faded altar of an unknown god.
  3256 | D:3      | Mangled by a wight

Illustrated notes

Levels and vault maps discovered:
D:1:      erik_arrival_orb_chamber, layout_basic,
          corexii_item_surrounded_by_moat
D:2:      cheibrodos_fertilizer, layout_basic, minmay_rat_gold_closets
D:3:      layout_basic, dk_yredelemnul_ordeal, shapermc_ecumenical_altar_ellora
D:4:      layout_basic, minmay_temple_entry_proselytizer, minmay_rat_hole

Skill      XL: |  1  2  3  4  5  6 |
---------------+-------------------+-----
Axes           | 3 4 5 |  5.6
Fighting       | 4 5 |  5.2
Armour         | 4 |  4.6
Shields        | 4 |  4.7

Action                     |  1- 3 |  4- 6 || total
---------------------------+-------+-------++-------
  Melee: War axe           |   124 |   161 ||   285
    Use: Scroll            |       |    10 ||    10
         Potion            |       |     3 ||     3
 Armour: Scale mail        |    40 |    62 ||   102
  Dodge: Dodged            |    57 |    70 ||   127
  Block: Buckler           |    31 |    44 ||    75
